 Dungeon Crawl Stone Soup version 0.29-a0-356-g7bc237e783 (webtiles) character file.

Game seed: 12460777149992103836

4426 thiscave3701365 the Cleaver (level 10, -5/82 (86) HPs)
             Began as a Minotaur Berserker on Apr 25, 2022.
             Was an Elder of Trog.
             Slain by a wight
             ... wielding a +5 halberd
              (11 damage)
             ... on level 9 of the Dungeon on Apr 26, 2022.
             The game lasted 00:13:52 (9456 turns).

thiscave3701365 the Cleaver (Minotaur Berserker)    Turns: 9456, Time: 00:13:53

HP:   -5/82 (86)    AC: 13    Str: 27    XL:     10   Next: 14%
MP:   9/9           EV:  8    Int:  4    God:    Trog [****..]
Gold: 436           SH:  6    Dex: 15    Spells: 9/9 levels left

rFire   . . .      SeeInvis .   J - +0 war axe
rCold   . . .      Faith    .   F - +2 buckler
rNeg    . . .      Spirit   .   d - +0 plate armour
rPois   .          Reflect  .   (helmet restricted)
rElec   .          Harm     .   (no cloak)
rCorr   .          Rampage  .   (no gloves)
Will    .....                   (no boots)
Stlth   ..........              (no amulet)
HPRegen 0.23/turn               h - +6 ring of dexterity
MPRegen 0.11/turn               (no ring)

@: on berserk cooldown, slowed, lightly drained, very slow
A: horns 2, retaliatory headbutt
a: Renounce Religion, Berserk, Trog's Hand, Brothers in Arms


You were on level 9 of the Dungeon.
You worshipped Trog.
Trog was greatly pleased with you.
You visited 1 branch of the dungeon, and saw 9 of its levels.
You also visited: Sewer.

You collected 436 gold pieces.

Inventory:

Hand Weapons
 J - a +0 war axe (weapon)
Missiles
 M - a throwing net
Armour
 d - a +0 plate armour (worn)
 F - a +2 buckler (worn)
Jewellery
 c - a +6 ring of intelligence
 h - a +6 ring of dexterity (left hand)
 v - a ring of magical power
 H - a ring of willpower
 N - a +6 ring of intelligence
Wands
 o - a wand of flame (35)
 x - a wand of digging (5)
 z - a wand of paralysis (17)
 K - a wand of mindburst (14)
Scrolls
 b - 4 scrolls of noise {unknown}
 f - 9 scrolls of identify {unknown}
 i - 5 scrolls of teleportation {unknown}
 k - a scroll of enchant armour {unknown}
 m - a scroll of fog {unknown}
 q - 3 scrolls of vulnerability {unknown}
 t - 3 scrolls of enchant weapon {unknown}
 u - a scroll of immolation {unknown}
 y - a scroll of torment {unknown}
 A - 2 scrolls of brand weapon {unknown}
 B - a scroll of summoning {unknown}
 D - a scroll of acquirement {unknown}
 G - 3 scrolls of blinking {unknown}
 I - a scroll of holy word {unknown}
 L - 2 scrolls of amnesia {unknown}
Potions
 a - a potion of heal wounds {unknown}
 e - a potion of ambrosia {unknown}
 g - 3 potions of magic {unknown}
 j - 2 potions of berserk rage {unknown}
 l - 3 potions of haste {unknown}
 n - 3 potions of attraction {unknown}
 p - a potion of degeneration {unknown}
 r - 2 potions of brilliance {unknown}
 s - 5 potions of mutation {unknown}
 w - a potion of resistance {unknown}
 C - a potion of might {unknown}
 E - 2 potions of curing {unknown}


   Skills:
 + Level 7.1 Fighting
 + Level 14.5 Axes
 + Level 7.7 Armour
 + Level 3.0 Dodging
 + Level 1.2 Stealth
 + Level 2.3 Shields


You had 9 spell levels left.
You didn't know any spells.
Your spell library was empty.

Dungeon Overview and Level Annotations

Branches:
Dungeon (9/15)             Temple (0/1) D:7           Sewer (visited)
   Lair: D:8-11         Orc: D:9-12

Altars:
Ashenzari
Dithmenos
Kikubaaqudgha
Makhleb
Nemelex Xobeh
Okawaru
Qazlal
Ru
Trog
Uskayaw
Wu Jian
Yredelemnul
Zin
The Shining One

Shops:
D:6 *   D:7 ?


Innate Abilities, Weirdness & Mutations

You have a pair of horns on your head.
You reflexively headbutt those who attack you in melee.


Message History

You are exhausted.
You feel yourself slow down.
You feel sick.
You barely miss the killer bee. You headbutt the killer bee.
You kill the killer bee!
Trog accepts your kill.
You feel sick.
The wight hits you from afar with a +5 halberd.
You are too injured to fight recklessly!
You are too injured to fight recklessly!
You feel sick.
Unknown command.
You feel sick.
You feel sick. You block the killer bee's attack.
The killer bee stings you but does no damage.
You slice the killer bee!!
You kill the killer bee!
Trog accepts your kill.
You feel sick.
You are no longer poisoned.
Your life force feels restored.
A wight comes into view.
It is wielding a +1 hand axe of flaming.
The wight barely misses you. The wight hits you but does no damage.
The wight hits you from afar with a +5 halberd!
* * * LOW HITPOINT WARNING * * *
You feel drained.
* * * LOW HITPOINT WARNING * * *
The wight hits you from afar with a +4 halberd.
* * * LOW HITPOINT WARNING * * *
You feel drained.
You completely miss the wight.
The wight hits you but does no damage. x2
The wight hits you from afar with a +4 halberd.
* * * LOW HITPOINT WARNING * * *
The wight hits you with a +2 spear of freezing.
* * * LOW HITPOINT WARNING * * *
The wight freezes you.
* * * LOW HITPOINT WARNING * * *
You hit the wight but do no damage. Your headbutt misses the wight.
The wight hits you from afar with a +5 halberd!
You die...

#..# #... #..# ##
#..# ..## ≈
#<###...###≈≈
##...#.....≈≈
##.#.#.....≈≈.
#####.##z##†..≈...
#.....@zz.....S..≈
#.###.##z##)...≈≈.
##.#.# .......
.... ......≈
##.###....≈. ###
....≈. .....≈
......


You could see 4 wights.

Vanquished Creatures
  A troll (D:8)
  Grinder (D:6)
  Sigmund (D:3)
  A wyvern (shapeshifter) (D:8)
  A golden eye (shapeshifter) (D:8)
  4 vampire mosquitoes (D:7)
  A water moccasin (D:7)
  A black bear (D:6)
  An orc warrior (D:7)
  4 ogres
  A centaur (D:9)
  3 kobold brigands
  A phantom (D:7)
  A gnoll sergeant (D:8)
  2 bullfrogs
  3 scorpions
  A necrophage (D:7)
  3 wights (D:6)
  10 killer bees
  4 howler monkeys
  5 hounds
  A gnoll shaman (D:7)
  4 orc priests
  3 jellies
  An iguana (D:7)
  5 orc wizards
  Robin (D:3)
  8 gnolls
  16 adders
  2 river rats (Sewer)
  A white imp (D:8)
  An ufetubus (D:4)
  14 orcs
  6 bats
  5 endoplasms
  4 giant cockroaches
  12 goblins
  10 hobgoblins
  2 jackals (D:1)
  18 kobolds
  6 quokkas
  14 ball pythons
  14 frilled lizards
  15 rats
213 creatures vanquished.

Notes
Turn   | Place    | Note
-------+----------+-------------------------------------------
     0 | D:1      | thiscave3701365 the Minotaur Berserker began the quest for
                  | the Orb.
     0 | D:1      | Reached XP level 1. HP: 19/19 MP: 0/0
   201 | D:1      | Reached XP level 2. HP: 24/27 MP: 1/1
   249 | D:1      | Found a faded altar of an unknown god.
   327 | D:1      | Reached skill level 4 in Axes
   513 | D:1      | Reached ** piety under Trog
   808 | D:1      | Reached XP level 3. HP: 27/33 MP: 2/2
  1457 | D:2      | Found a glowing golden altar of the Shining One.
  1640 | D:2      | Reached XP level 4. HP: 41/41 MP: 3/3
  2012 | D:3      | Reached skill level 5 in Axes
  2305 | D:3      | Identified the +1 leather armour of Thoughtfulness {rElec
                  | Will- Int-5 Dex+9}
  2380 | D:3      | Found a shadowy altar of Dithmenos.
  2394 | D:3      | Noticed Sigmund
  2402 | D:3      | Reached skill level 6 in Axes
  2402 | D:3      | Reached XP level 5. HP: 33/47 MP: 0/4
  2412 | D:3      | Killed Sigmund
  2413 | D:3      | Reached skill level 7 in Axes
  2413 | D:3      | Reached XP level 6. HP: 31/53 MP: 0/5
  2729 | D:3      | Noticed Robin
  2739 | D:3      | Killed Robin
  2865 | D:3      | Reached *** piety under Trog
  3060 | D:4      | Reached skill level 8 in Axes
  3181 | D:4      | Found a hide-covered altar of Uskayaw.
  3190 | D:4      | Reached XP level 7. HP: 27/60 MP: 6/6
  3207 | D:4      | Reached skill level 9 in Axes
  3382 | D:4      | Found a glowing drain.
  3386 | Sewer    | Entered a sewer
  3415 | Sewer    | Reached skill level 10 in Axes
  3598 | Sewer    | Reached **** piety under Trog
  3936 | D:4      | Found an ornate altar of the Wu Jian Council.
  4043 | D:4      | Found a basalt altar of Yredelemnul.
  4063 | D:4      | Found a broken altar of Ashenzari.
  4073 | D:4      | Found a bloodstained altar of Trog.
  4077 | D:4      | Found a sacrificial altar of Ru.
  4273 | D:4      | Found a stormy altar of Qazlal.
  4273 | D:4      | Found a sparkling altar of Nemelex Xobeh.
  4341 | D:3      | Lost intelligence.
  4378 | D:5      | Entered Level 5 of the Dungeon
  4749 | D:5      | Reached skill level 11 in Axes
  4759 | D:5      | Reached XP level 8. HP: 67/67 MP: 7/7
  5597 | D:6      | Noticed Grinder
  5605 | D:6      | Killed Grinder
  5606 | D:6      | Reached skill level 12 in Axes
  6011 | D:6      | Found an iron altar of Okawaru.
  6030 | D:6      | Reached skill level 5 in Fighting
  6322 | D:6      | Found Bamiff's Bounteous Boutique.
  6990 | D:7      | Reached XP level 9. HP: 74/74 MP: 8/8
  6992 | D:7      | Reached skill level 5 in Armour
  6999 | D:7      | Reached skill level 13 in Axes
  7271 | D:7      | Found a staircase to the Ecumenical Temple.
  7850 | D:7      | Found Wucs's Magic Scroll Shoppe.
  8046 | D:7      | Reached skill level 1 in Shields
  8466 | D:7      | Found a burning altar of Makhleb.
  8497 | D:8      | Found an ancient bone altar of Kikubaaqudgha.
  8648 | D:8      | Reached skill level 1 in Stealth
  8862 | D:8      | Found a glowing silver altar of Zin.
  8983 | D:8      | Reached skill level 14 in Axes
  9221 | D:8      | Noticed a troll
  9229 | D:8      | Killed a troll
  9230 | D:8      | Reached XP level 10. HP: 86/86 MP: 9/9
  9456 | D:9      | Slain by a wight

Illustrated notes

Levels and vault maps discovered:
D:1:      giann_wishing_wells, layout_basic, shapermc_ecumenical_altar_pompeii
D:2:      layout_loops_cross, basic_altar, serial_rivers,
          chequers_serial_rivers_large_b, chequers_serial_rivers_micro_e,
          chequers_serial_rivers_micro_d, chequers_serial_rivers_micro_d,
          chequers_serial_rivers_micro_d, minmay_pentomino_s4
D:3:      layout_loops_ring, nicolae_dithmenos_the_darkroom, minmay_bisected,
          uniq_robin, uniq_sigmund
D:4:      layout_cave_pools, nzn_wu_jian_contemplation,
          amethyst_overflow_temple_binary, mainiacjoe_overflow_alcove_2,
          minmay_overflow_temple_star_quad,
          mainiacjoe_overflow_concentric_impassable, gup_sewer_entry_bowl,
          minmay_misc_feat_more_columns, kennysheep_generic_room_14
D:5:      layout_layer_cave, minmay_a_box_with_orc_wizards_in_it
D:6:      layout_loops_cross, mainiacjoe_overflow_boulevard,
          nicolae_alphabet_shops, uniq_grinder
D:7:      layout_basic, lightli_temple_of_fire,
          minmay_temple_entry_antechambers, serial_shops, shop, minmay_between
D:8:      layout_cave_pools, lemuel_doored_altar, mainiacjoe_overflow_catwalk,
          wad_mini_maze
D:9:      cheibrodos_helix_gallery, layout_loops_ring,
          erik_lair_orcish_takeover, hellmonk_scale_shop, uniq_psyche, uniq_grum

Skill      XL: |  1  2  3  4  5  6  7  8  9 |
---------------+----------------------------+-----
Fighting       | 4 5 7 |  7.1
Axes           | 4 6 7 8 11 12 14 | 14.5
Armour         | 4 7 |  7.7
Dodging        | 3 |  3.0
Shields        | 2 |  2.3
Stealth        | 1 |  1.2

Action                   |  1- 3 |  4- 6 |  7- 9 | 10-12 || total
-------------------------+-------+-------+-------+-------++-------
Melee: Hand axe          |    76 |   112 |   260 |       ||   448
       Headbutt          |     6 |    13 |    37 |     2 ||    58
       Punch             |       |       |     2 |       ||     2
       War axe           |       |       |    69 |    16 ||    85
Invok: Berserk           |       |     4 |    15 |     1 ||    20
Armor: Animal skin       |     7 |       |       |       ||     7
       Plate armour      |    24 |    74 |   150 |    16 ||   264
Dodge: Dodged            |    41 |    39 |    97 |     8 ||   185
Block: Buckler           |       |       |    34 |     9 ||    43

Table legend: (Time is in decaauts)
 A = Elapsed time spent in this place.
 B = Non-inter-level travel time spent in this place.
 C = Inter-level travel time spent in this place.
 D = Time resting spent in this place.
 E = Time spent auto-exploring this place.
 F = Levels seen in this place.
 G = Mean time per level.
                   A        B        C        D        E       F      G
               +--------+--------+--------+--------+--------+-----+--------+
         Total |   9680 |   9044 |    636 |   2515 |   5297 |  10 |  968.0 |
       Dungeon |   9176 |   8540 |    636 |   2515 |   4936 |   9 | 1019.6 |
         Sewer |    503 |    503 |      0 |      0 |    361 |   1 |  503.0 |
               +--------+--------+--------+--------+--------+-----+--------+

Top non-repeatable levels by time:
     D:7: 1581 daAuts
     D:6: 1317 daAuts
     D:5: 1225 daAuts
     D:3: 1175 daAuts
     D:2: 1056 daAuts
     D:1: 1014 daAuts
     D:8: 953 daAuts
     D:4: 824 daAuts
   Sewer: 503 daAuts
     D:9: 28 daAuts
